 Dungeon Crawl Stone Soup version 0.32-a0-377-g951292165a (webtiles) character file.

Game seed: 17462151767625339968

427 Ijustatesigmund the Digger (level 6, -1/35 HPs)
             Began as a Gargoyle Earth Elementalist on Feb 19, 2024.
             Slain by a ball python (2 damage)
             ... on level 4 of the Dungeon.
             The game lasted 00:04:49 (2718 turns).

Ijustatesigmund the Digger (GrEE)                   Turns: 2718, Time: 00:04:50

Health: -1/35      AC:  9    Str: 11    XL:     6   Next: 97%
Magic:  3/11       EV:  8    Int: 18    God:
Gold:   100        SH:  0    Dex: 10    Spells: 8/12 levels left

rFire   . . .        e - +0 whip
rCold   . . .        (no shield)
rNeg    + . .        a - +0 robe
rPois   ∞            m - +0 helmet
rElec   +            k - +0 cloak
rCorr   +            (no gloves)
SInv    .            j - +0 pair of boots
Will    .....        (no amulet)
Stlth   ++           h - ring of resist corrosion
HPRegen 0.25/turn    (no ring)
MPRegen 0.12/turn

%: no passive effects
@: attractive, very slightly contaminated, constricted
A: sickness immunity, AC +4, negative energy resistance 1, electricity
resistance, torment resistance 1, petrification resistance
a: Convert to Beogh


You were on level 4 of the Dungeon.
You visited 1 branch of the dungeon, and saw 4 of its levels.

You collected 100 gold pieces.

Inventory:

Hand Weapons
 e - a +0 whip (weapon)
Armour
 a - a +0 robe (worn)
 j - a +0 pair of boots (worn)
 k - a +0 cloak (worn)
 m - a +0 helmet (worn)
Jewellery
 h - a ring of resist corrosion (left hand)
Scrolls
 d - a scroll of revelation {unknown}
 i - a scroll of blinking {unknown}
 n - 4 scrolls of teleportation {unknown}
 r - a scroll of acquirement {unknown}
 u - 2 scrolls of fog {unknown}
 v - a scroll of poison {unknown}
 w - a scroll of amnesia {unknown}
 x - a scroll of fear {unknown}
 y - a scroll of summoning {unknown}
Potions
 b - a potion of magic
 c - 2 potions of curing
 f - 2 potions of haste
 g - a potion of invisibility
 l - a potion of lignification
 o - a potion of enlightenment
 p - a potion of cancellation {unknown}
 s - a potion of degeneration {unknown}
 t - a potion of heal wounds {unknown}


   Skills:
 - Level 2.3 Fighting
 + Level 2.1 Maces & Flails
 - Level 1.5 Dodging
 - Level 2.1 Stealth
 + Level 3.6 Spellcasting
 + Level 3.8 Conjurations
 + Level 5.5 Earth Magic


You had 8 spell levels left.
You knew the following spells:

 Your Spells              Type           Power      Damage    Failure   Level
a - Sandblast             Erth           46%        2d11      1%          1
b - Stone Arrow           Conj/Erth      40%        3d9       7%          3

Your spell library contained the following spells:

 Spells                   Type           Power      Damage    Failure   Level
 Passwall                 Erth           23%        N/A       4%          3
 Sting                    Conj/Alch      40%        1d5       7%          1
 Apportation              Tloc           6%         N/A       16%         1
 Necrotise                Necr           12%        1d4       16%         1
 Summon Small Mammal      Summ           12%        N/A       16%         1
 Brom's Barrelling Bould  Conj/Erth      20%        2d4       22%         4
 Fugue of the Fallen      Necr           3%         N/A       41%         3
 Ozocubu's Armour         Ice            3%         N/A       41%         3
 Petrify                  Alch/Erth      13%        N/A       43%         4
 Manifold Assault         Tloc           3%         N/A       83%         4


Dungeon Overview and Level Annotations

Branches:
Dungeon (4/15)
 Temple: D:4-7

Altars:
Cheibriados
Dithmenos
Hepliaklqana
Trog

Shops:
D:1 :

Annotations:
D:3 1 runed translucent door, smrtan's ghost, amateur DsGl


Innate Abilities, Weirdness & Mutations

You are immune to sickness and miasma.
Your stone body is resilient. (AC +4)
You are immune to poison.
You resist negative energy. (rN+)
You are resistant to electric shocks. (rElec)
You are resistant to unholy torment.
You are immune to petrification.


Message History

The ball python bites you. The ball python closely misses you.
You closely miss the orc.
The orc is almost dead.
The orc barely misses you. The orc hits you but does no damage.
The ball python bites you but does no damage.
The ball python grabs you. The ball python constricts you.
You hit the ball python but do no damage.
The orc hits you with a +0 flail. The orc hits you with a +0 club.
The ball python bites you but does no damage.
The ball python constricts you.
Casting: Sandblast (safe; 1% risk of failure)
Confirm with . or Enter, or press ? or * to list all spells.
Aiming: Stone Arrow (dangerous; 7% risk of failure)
Press: ? - help, Shift-Dir - straight line, f - ball python
Aim: a ball python (constricting you, 68% to hit)
You miscast Stone Arrow.
You are very lightly contaminated with residual magic.
Nothing appears to happen.
The orc barely misses you. x2
The orc priest invokes the aid of Beogh against you.
Beogh smites you! The ball python closely misses you.
The ball python constricts you.
The orc priest shouts, "The Pantheon deserves no one's loyalty.
Let us show you the true path!" (press Y on the ability menu to convert to Beogh)
Casting: Stone Arrow (dangerous; 7% risk of failure)
Confirm with . or Enter, or press ? or * to list all spells.
Aiming: Stone Arrow (dangerous; 7% risk of failure)
Press: ? - help, Shift-Dir - straight line, f/p - ball python
Aim: a ball python (constricting you, 68% to hit)
The stone arrow misses the ball python.
The ball python bites you. The ball python constricts you.
The orc hits you with a +0 flail!
* * * LOW HITPOINT WARNING * * *
The orc completely misses you.
The ball python bites you but does no damage.
The ball python constricts you.
It was a potion of attraction.
You feel attractive to monsters. The orc hits you with a +0 flail.
* * * LOW HITPOINT WARNING * * *
The orc closely misses you. The ball python bites you.
You die...

#. ...# ..#.#.. #.. #.#
##....##.....##..#
..##...#..#.....#...#
..#...##..........# .
.....# #..o......## .
#....# #..........##
.####....# #...oS.......
..#......###...o@.....##
#.#.#..#.##..........$..
................†.....##
..........##............
........................
........................
..............#########.
..............#
.#............#


You could see an orc priest, 2 orcs and a ball python.

Vanquished Creatures
  Sigmund (D:3)
  An ogre (D:4)
  Jessica (D:3)
  An iguana (D:4)
  An adder (D:2)
  3 dart slugs
  A ribbon worm (D:2)
  6 ball pythons
  4 endoplasms
  2 giant cockroaches
  3 goblins
  5 hobgoblins
  10 jackals
  5 kobolds (D:1)
  7 quokkas
  3 bats (D:1)
  10 rats
64 creatures vanquished.

Notes
Turn   | Place    | Note
-------+----------+-------------------------------------------
     0 | D:1      | Ijustatesigmund the Gargoyle Earth Elementalist began the
                  | quest for the Orb.
     0 | D:1      | Reached XP level 1. HP: 10/10 MP: 3/3
    61 | D:1      | Found Ufohimus's Vocational Training.
    81 | D:1      | Reached XP level 2. HP: 16/16 MP: 1/5
    96 | D:1      | Reached skill level 1 in Fighting
   323 | D:1      | Reached skill level 4 in Earth Magic
   323 | D:1      | Reached XP level 3. HP: 20/20 MP: 3/6
   327 | D:1      | Learned a level 3 spell: Stone Arrow
   878 | D:2      | Reached XP level 4. HP: 26/26 MP: 3/7
  1603 | D:3      | Noticed Jessica
  1604 | D:3      | Killed Jessica
  1605 | D:3      | Reached XP level 5. HP: 30/30 MP: 7/9
  1786 | D:3      | Noticed Sigmund
  1788 | D:3      | Killed Sigmund
  1789 | D:3      | Reached skill level 1 in Maces & Flails
  1789 | D:3      | Reached skill level 5 in Earth Magic
  1789 | D:3      | Reached XP level 6. HP: 35/35 MP: 7/11
  1887 | D:3      | Found a hazy altar of Hepliaklqana.
  1984 | D:3      | Found a bloodstained altar of Trog.
  2012 | D:3      | Found a shadowy altar of Dithmenos.
  2059 | D:3      | Found a runed translucent door.
  2060 | D:3      | Noticed smrtan's ghost (amateur DsGl)
  2551 | D:4      | Found a snail-covered altar of Cheibriados.
  2718 | D:4      | HP: 1/35 [orc/+0 flail (4)]
  2718 | D:4      | Slain by a ball python

Illustrated notes

Levels and vault maps discovered:
D:1:      onia_arrival_mini_spirals, layout_rooms, nicolae_shop_vocational
D:2:      layout_rooms
D:3:      layout_loops_ring, bloody_trog, mainiacjoe_overflow_alcove_2,
          mainiacjoe_overflow_paths, ebering_ghost_inner_flame,
          roderic_serpentine_path, uniq_sigmund, uniq_jessica
D:4:      layout_rooms, cheibriados_altar_1, lemuel_tele_altar,
          minmay_temple_entry_waves

Skill      XL: |  1  2  3  4  5  6 |
---------------+-------------------+-----
Fighting       | 1 2 |  2.3
Earth Magic    | 4 5 |  5.5
Conjurations   | 2 3 |  3.8
Maces & Flails | 1 2 |  2.1
Spellcasting   | 3 |  3.6
Dodging        | |  1.5
Stealth        | |  2.1

Action                     |  1- 3 |  4- 6 || total
---------------------------+-------+-------++-------
  Melee: Unarmed           |     3 |       ||     3
         Dagger            |    12 |       ||    12
         Whip              |     3 |    41 ||    44
   Cast: Sandblast         |    30 |    54 ||    84
         Stone Arrow       |       |     2 ||     2
    Use: Scroll            |       |     5 ||     5
         Potion            |       |     1 ||     1
 Armour: Robe              |    11 |    67 ||    78
  Dodge: Dodged            |    10 |    76 ||    86

Table legend: (Time is in decaauts)
 A = Elapsed time spent in this place.
 B = Non-inter-level travel time spent in this place.
 C = Inter-level travel time spent in this place.
 D = Time resting spent in this place.
 E = Time spent auto-exploring this place.
 F = Levels seen in this place.
 G = Mean time per level.
                   A        B        C        D        E       F      G
               +--------+--------+--------+--------+--------+-----+--------+
         Total |   2763 |   2651 |    112 |    239 |   1948 |   4 |  690.8 |
       Dungeon |   2763 |   2651 |    112 |    239 |   1948 |   4 |  690.8 |
               +--------+--------+--------+--------+--------+-----+--------+

Top non-repeatable levels by time:
     D:3: 982 daAuts
     D:1: 926 daAuts
     D:2: 709 daAuts
     D:4: 145 daAuts
